[Event "Early-Titled-Tuesday-Blitz-September-05-2023"]
[Site "Chess.com"]
[Date "2023.09.05"]
[Round "2"]
[White "Tactictic"]
[Black "alpltl"]
[Result "0-1"]
[WhiteElo "2491"]
[BlackElo "2347"]
[TimeControl "180+1"]
[EndTime "8:17:56 PDT"]
[Termination "alpltl won by resignation"]

1. e4 c5 2. Nf3 g6 3. d4 cxd4 4.
Nxd4 Nc6 5. c4 Nf6 6. Nc3 d6 7.
f3 Nxd4 8. Qxd4 Bg7 9. Be3 O-O 10. Qd2 a5 11. Na4 Be6 12. O-O-O Nd7 13. Kb1 Rc8 14. Rc1 Nc5 15. Nc3 a4 16. h4 a3 17.
b3 f5 18. Bd4 f4 19. h5 Qe8 20. Bxg7 Kxg7 21. Ne2 Qf7 22. Qc3+ Qf6 23. Nxf4 Qxc3 24. Nxe6+ Nxe6 25. Rxc3 b5 26. hxg6 hxg6 27. g3 Nd4 28. Bg2 b4 29. Rd3 e5 30. f4 Rh8 31. Rdd1 Kf6 32.
Rdf1 Ke7 33. f5 gxf5 34. exf5 Kf6 35. g4 Kg5 36. f6 Rxh1 37. Bxh1 Rf8 38. f7 Ne6 39.
Rf5+ Kg6 40. Be4 Kg7 41. Bd5 Nf4 42. Kc2 Nxd5 43. cxd5 Rxf7 44. Rg5+ Kf6 45. Rh5 Kg6 46. Rh8 Rf2+ 47. Kd3 Rxa2 48. Kc4 Rd2 49. Rd8 Rd4+ 50. Kb5 Rxd5+ 51. Kxb4 a2 52. Ra8 Rd2 53. Kc3 Rg2 54.
b4 d5 55. b5 d4+ 56. Kc4 Rb2 57. Kd3 Kg5 58. Ke4 Kxg4 59. Ra3 Re2+ 60. Kd3 Re3+ 0-1

[Event "Early-Titled-Tuesday-Blitz-September-05-2023"]
[Site "Chess.com"]
[Date "2023.09.05"]
[Round "2"]
[White "Nick12772"]
[Black "aghasiyevkamal"]
[Result "0-1"]
[WhiteElo "2335"]
[BlackElo "2526"]
[TimeControl "180+1"]
[EndTime "8:17:57 PDT"]
[Termination "aghasiyevkamal won by resignation"]

1. Nf3 Nf6 2. g3 d5 3. Bg2 Bf5 4. O-O c6 5. d3 e6 6. Nbd2 h6 7.
b3 Bc5 8. Bb2 O-O 9. Re1 Nbd7 10. e4 Bg4 11. h3 Bxf3 12. Nxf3 dxe4 13. dxe4 Qb6 14. Bd4 Bxd4 15. Qxd4 e5 16. Qxb6 axb6 17. a4 Rfd8 18. Nd2 b5 19. axb5 cxb5 20. Rxa8 Rxa8 21. Nf3 Ra2 22. Re2 Kf8 23. Ne1 Nc5 24. f3 Nxb3 25.
Nd3 Nd4 26. Rd2 Nd7 27. Nxe5 Nxe5 28. Rxd4 Rxc2 29. Rb4 Rc1+ 30. Kh2 Rc5 31. f4 Nc6 32. Rb2 Na5 33. e5 Nc4 34. Rb3 b6 35.
Bf1 g5 36. Bxc4 bxc4 37. Rxb6 gxf4 38. gxf4 c3 39. Rb1 c2 40. Rc1 Rc4 41. Kg3 Ke7 42. f5 f6 43. e6 Rc5 44. Kg4 Kd6 45. h4 Ke7 46. Kf4 Rc4+ 47. Kg3 Kd6 48. Kh3 Rc7 49. Kg4 Ke5 50. Re1+ Kd4 51. Rc1 Ke5 52. Re1+ Kd6 53. Rc1 Ke7 54. Re1 c1=Q 55. Rxc1 Rxc1 56. Kh5 Rc4 57.
Kxh6 Rxh4+ 58. Kg6 Rg4+ 59. Kh5 Rg5+ 60. Kh4 Rxf5 0-1

[Event "Early-Titled-Tuesday-Blitz-September-05-2023"]
[Site "Chess.com"]
[Date "2023.09.05"]
[Round "2"]
[White "kirillshevchenko"]
[Black "GoltsevDmitry2000"]
[Result "0-1"]
[WhiteElo "2965"]
[BlackElo "2654"]
[TimeControl "180+1"]
[EndTime "8:17:58 PDT"]
[Termination "GoltsevDmitry2000 won by resignation"]

1. c4 e5 2. Nc3 b6 3. Nf3 d6 4. d4 exd4 5. Nxd4 Bb7 6. e4 Nd7 7. Be2 Ngf6 8. f3 g6 9. O-O Bg7 10. Bg5 O-O 11. Qd2 Re8 12. Rac1 a6 13. Rfd1 Qe7 14. Nd5 Qd8 15. Kh1 Nc5 16. Qf4 Nxd5 17.
cxd5 f6 18. Bh6 g5 19. Qg4 Bxh6 20. b4 Nd7 21. Ne6 Rxe6 22. dxe6 Ne5 23. Qf5 Qe7 24. g3 Bc8 25. f4 Bxe6 26. Rxc7 Qxc7 27. Qxe6+ Qf7 28. Qh3 gxf4 29. Qxh6 f3 30. Bf1 Ng4 31.
Qd2 Rc8 32. h3 Ne5 33. Bxa6 Ra8 34. b5 Rd8 35. a4 Qc4 36. Qd5+ Qxd5 37. exd5 Kf7 38.
Kg1 Rd7 39. Rc1 f2+ 40. Kf1 Re7 41. Bc8 Nd3 42. Be6+ Kg7 43. Rc3 Nc5 44. Kxf2 Ne4+ 45. Ke3 Nxc3 46. a5 bxa5 47. b6 Nxd5+ 0-1

[Event "Early-Titled-Tuesday-Blitz-September-05-2023"]
[Site "Chess.com"]
[Date "2023.09.05"]
[Round "2"]
[White "SCIM"]
[Black "vugarrasulov"]
[Result "0-1"]
[WhiteElo "2602"]
[BlackElo "2906"]
[TimeControl "180+1"]
[EndTime "8:17:59 PDT"]
[Termination "vugarrasulov won on time"]

1. d4 d5 2. c4 c5 3. dxc5 Nf6 4.
cxd5 Qxd5 5. Qxd5 Nxd5 6. Bd2 Nc6 7. e4 Ndb4 8. Na3 Be6 9. Bb5 O-O-O 10. Nf3 f6 11. O-O Bg4 12. Bxc6 Nxc6 13. Be3 e5 14. Nc4 Be7 15. a3 Rd3 16. Rfd1 Rhd8 17. Nd6+ R3xd6 18. cxd6 Bxd6 19. Rd2 Bc7 20. Rxd8+ Bxd8 21. Nd2 Be6 22.
Rc1 Kd7 23. f3 b6 24. Kf2 g6 25. Nc4 Be7 26. b4 b5 27. Nb2 a5 28. Bc5 Bd8 29. Rd1+ Kc8 30. Rd6 Bd7 31. bxa5 Nxa5 32. Rd3 Nc4 33.
Nxc4 bxc4 34. Rc3 Be6 35. Ke3 Kb7 36. Rc2 Kc6 37. Bb4 Bb6+ 38. Ke2 f5 39. Bc3 Bd4 40.
Bb4 fxe4 41. fxe4 Kb5 42. Rc1 Ka4 43. Rf1 Kb3 44. Rf6 Bg4+ 45. Ke1 c3 46. Rc6 Kb2 47. Bxc3+ Bxc3+ 0-1

[Event "Early-Titled-Tuesday-Blitz-September-05-2023"]
[Site "Chess.com"]
[Date "2023.09.05"]
[Round "2"]
[White "DanielTitichoca"]
[Black "CixPer1968"]
[Result "0-1"]
[WhiteElo "2438"]
[BlackElo "2161"]
[TimeControl "180+1"]
[EndTime "8:18:00 PDT"]
[Termination "CixPer1968 won by checkmate"]

1. b3 Nf6 2. Bb2 d5 3. Nf3 c6 4. c4 Bf5 5. g3 Nbd7 6. Bg2 e6 7. O-O h6 8. d3 Be7 9. Nc3 O-O 10. cxd5 exd5 11.
Nd4 Bg6 12. e4 dxe4 13. dxe4 Nc5 14. Re1 Bh5 15. f3 Re8 16. Nce2 Qb6 17. Kh1 Rad8 18.
Qc2 Bg6 19. Nf4 Bh7 20. Rad1 Nd5 21. Bh3 Nxf4 22. gxf4 Bf6 23. Qc4 Ne6 24. e5 Nxf4 25. exf6 Nxh3 26. fxg7 Nf2+ 27. Kg2 Nxd1 28. Rxd1 c5 29.
Ne2 Rxd1 30. Bc3 Qe6 31. Ng3 Qxc4 32. bxc4 Rc1 33. Bf6 Rc2+ 34. Kh3 Bg6 35. f4 Re3 36. Kg4 Ra3 37. f5 Bh7 38. Nh5 Rxc4+ 39. Nf4 Raa4 40.
Be5 Rxf4+ 41. Bxf4 Rxf4+ 42. Kxf4 Kxg7 43. Ke5 h5 44. h4 c4 45. Kd4 b5 46. Kc5 c3 47.
Kxb5 c2 48. Ka6 c1=Q 49. a4 Qb2 50. a5 Bxf5 51. Kxa7 Qa3 52. a6 Kf6 53. Kb8 Ke7 54. a7 Kd7 55. a8=Q Qxa8+ 56. Kxa8 Ke6 57. Kb7 Ke5 58. Kc6 Kf4 59. Kc7 Kg4 60. Kd8 Kxh4 61. Ke7 Kg4 62. Kf8 h4 63. Kg7 h3 64. Kh8 h2 65. Kg8 h1=Q 66. Kf8 f6 67. Kg8 Bg6 68. Kf8 Qh8+ 69. Ke7 Qg7+ 70. Ke6 f5 71. Kd6 Qf6+ 72. Kd5 f4 73. Kc5 f3 74. Kd5 f2 75. Kc5 f1=Q 76.
Kd5 Q6f5+ 77. Kc6 Qe2 78. Kb7 Qfd3 79. Kb8 Qec2 80. Ka7 Qdb3 81. Ka6 Qca2# 0-1

[Event "Early-Titled-Tuesday-Blitz-September-05-2023"]
[Site "Chess.com"]
[Date "2023.09.05"]
[Round "2"]
[White "tptagain"]
[Black "Semetey"]
[Result "1-0"]
[WhiteElo "2905"]
[BlackElo "2601"]
[TimeControl "180+1"]
[EndTime "8:18:01 PDT"]
[Termination "tptagain won on time"]

1. Nf3 g6 2. d4 Bg7 3. e4 d6 4. c3 Nf6 5. Bd3 O-O 6. O-O Nc6 7. Re1 e5 8. h3 Re8 9. d5 Ne7 10. c4 a5 11. Nc3 Nd7 12. a3 f5 13. Bc2 h6 14. Bd2 f4 15. b4 g5 16. Nb5 b6 17. Ba4 Ng6 18. bxa5 bxa5 19. c5 Nxc5 20. Nxc7 Nxa4 21. Qxa4 Bd7 22. Qc2 Rc8 23. Bxa5 Qe7 24. Qb3 Rf8 25. Ne6 Rf6 26. Rac1 Ra8 27. Bb4 Bxe6 28. dxe6 Qxe6 29. Qxe6+ Rxe6 30. Red1 Bf8 31. Nd2 Ne7 32. Nc4 Nc8 33. Rd5 Be7 34. Rb5 Kf8 35.
Rb7 Ke8 36. g3 h5 37. Kg2 g4 38. hxg4 hxg4 39. Rh1 f3+ 40. Kf1 Rf6 41. Rh4 Rg6 42.
Rh8+ Bf8 43. Nxe5 Re6 44. Nxg4 Ne7 45. Nh2 Rf6 46. Ke1 1-0

[Event "Early-Titled-Tuesday-Blitz-September-05-2023"]
[Site "Chess.com"]
[Date "2023.09.05"]
[Round "2"]
[White "Tonychess32"]
[Black "Hope_6"]
[Result "0-1"]
[WhiteElo "2417"]
[BlackElo "2702"]
[TimeControl "180+1"]
[EndTime "8:18:01 PDT"]
[Termination "Hope_6 won by checkmate"]

1. e4 c5 2. Nf3 e6 3. c3 Nf6 4.
e5 Nd5 5. d4 cxd4 6. cxd4 Nc6 7.
Bd3 d6 8. exd6 Bxd6 9. O-O O-O 10. Nc3 Nxc3 11. bxc3 g6 12. Bh6 Re8 13. Re1 b6 14.
Qe2 Bb7 15. Rad1 Rc8 16. Ng5 Na5 17. c4 Bf8 18. Bxf8 Rxf8 19. Nf3 Qf6 20. Ne5 Rfd8 21.
Qe3 Nc6 22. Be4 Nxe5 23. dxe5 Qe7 24. Bxb7 Qxb7 25. Rxd8+ Rxd8 26. Rc1 Qd7 27. h4 Qd2 28. c5 Qxe3 29. fxe3 Rd2 30. cxb6 axb6 31. Rc8+ Kg7 32. Ra8 Rd5 33. Kf2 Rxe5 34. Rb8 Rb5 35. Kf3 h5 36. g3 Rb4 37. Rb7 Kf6 38. a3 Rb3 39.
a4 Rb4 40. Rb8 e5 41. Rb7 Ke6 42. e4 Rb3+ 43. Kf2 Kf6 44. Rb8 Rb4 45. Kf3 Kg7 46. Ke3 f5 47. Rb7+ Kf6 48. Rb8 Rxe4+ 49. Kf3 Rb4 50.
Rb7 e4+ 51. Kf4 Rb3 52. a5 Rf3# 0-1

[Event "Early-Titled-Tuesday-Blitz-September-05-2023"]
[Site "Chess.com"]
[Date "2023.09.05"]
[Round "2"]
[White "Korchmar_Vasiliy"]
[Black "Polish_fighter3000"]
[Result "1-0"]
[WhiteElo "2691"]
[BlackElo "3085"]
[TimeControl "180+1"]
[EndTime "8:18:02 PDT"]
[Termination "Korchmar_Vasiliy won on time"]

1. e4 d6 2. d4 Nf6 3. Nc3 e5 4. Nf3 Nbd7 5. Bc4 Be7 6. O-O c6 7. a4 h6 8. Re1 Qc7 9. Be3 a5 10.
d5 g5 11. dxc6 bxc6 12. Nd2 Nb6 13. Bb3 Ng4 14. Nf1 h5 15. h3 Nxe3 16. Nxe3 Nd7 17.
Ncd5 cxd5 18. Qxd5 Nb6 19. Qxf7+ Kd8 20. Rad1 h4 21.
Rd2 Rf8 22. Qg6 Bd7 23. Red1 Rb8 24. Be6 Rf6 25. Qg8+ Rf8 26. Qg6 Bxe6 27. Qxe6 Qd7 28. Rxd6 Bxd6 29. Rxd6 Kc8 30. Rxd7 Nxd7 31. Qc6+ Kd8 32. b3 Rf6 33. Qc4 Ke7 34. Nd5+ Kf8 35. Nxf6 Nxf6 36. Qc5+ Kg8 37. Qxe5 Rf8 38. Qxg5+ Kf7 39.
Qxa5 Re8 40. f3 Re7 41. Qb5 Rd7 42. Qc4+ Kg6 43. a5 Rd1+ 44. Kf2 Rd2+ 45. Ke3 Rxg2 46. a6 Rg1 47. a7 Ra1 48. Qc7 1-0

[Event "Early-Titled-Tuesday-Blitz-September-05-2023"]
[Site "Chess.com"]
[Date "2023.09.05"]
[Round "2"]
[White "Speshka"]
[Black "Sulthankan"]
[Result "0-1"]
[WhiteElo "2539"]
[BlackElo "2406"]
[TimeControl "180+1"]
[EndTime "8:18:02 PDT"]
[Termination "Sulthankan won by checkmate"]

1. e4 c5 2. Nf3 d6 3. d4 cxd4 4. Nxd4 Nf6 5. Nc3 a6 6. Qd3 b5 7. a4 b4 8. Nd5 e6 9. Nxf6+ Qxf6 10. Be2 Bb7 11. Bf3 Qd8 12. O-O Be7 13. e5 Bxf3 14.
Qxf3 Ra7 15. exd6 Bxd6 16. Be3 Rd7 17. Rad1 O-O 18. g3 Be5 19. Nb3 Qc7 20. Qe4 Rc8 21.
Nc5 Rxd1 22. Rxd1 Bxb2 23. Qxb4 Bf6 24. Ne4 Be7 25. Qd4 Qxc2 26. Rc1 Qxc1+ 27. Bxc1 Rxc1+ 28. Kg2 Rc8 29. Qa7 Re8 30. a5 f5 31. Nc5 Bxc5 32.
Qxc5 Kf7 33. Qc7+ Kf6 34. f4 h6 35. h3 Kg6 36. g4 Kf6 37. Kf3 g5 38. gxf5 exf5 39.
Qd6+ Kg7 40. Qd4+ Kf7 41. Qd6 Kg7 42. Qb6 gxf4 43. Kxf4 Re4+ 44. Kxf5 Re8 45. Qg6+ Kf8 46. Qxh6+ Ke7 47. Qg7+ Kd6 48. Qd4+ Ke7 49. h4 Rf8+ 50. Kg4 Rg8+ 51. Kh3 Rd8 52. Qc5+ Ke6 53. h5 Rd5 54. Qc8+ Nd7 55. Qxa6+ Ke7 56. h6 Rh5+ 57. Kg4 Rh1 58. Qc6 Ne5+ 59. Kg3 Nxc6 60. a6 Rxh6 61. Kf4 Rh8 62. Ke4 Ra8 63. Kd5 Rxa6 64. Kc5 Nd8 65. Kb5 Rd6 66. Kc5 Ke6 67. Kb5 Kd5 68. Kb4 Ne6 69. Kc3 Ke4 70. Kc4 Rd5 71. Kc3 Ng5 72. Kc2 Nh3 73. Kc3 Ng1 74. Kc4 Nf3 75. Kc3 Rd4 76. Kc2 Ng5 77. Kc3 Nf7 78. Kc2 Nh8 79. Kc3 Ke3 80. Kc2 Rd3 81. Kc1 Rd2 82. Kb1 Rg2 83.
Kc1 Kd3 84. Kb1 Kc3 85. Ka1 Kb3 86. Kb1 Rg1# 0-1

[Event "Early-Titled-Tuesday-Blitz-September-05-2023"]
[Site "Chess.com"]
[Date "2023.09.05"]
[Round "2"]
[White "hakanazeri2"]
[Black "Shield12"]
[Result "0-1"]
[WhiteElo "2622"]
[BlackElo "2950"]
[TimeControl "180+1"]
[EndTime "8:18:03 PDT"]
[Termination "Shield12 won by resignation"]

1. c4 e5 2. Nc3 Nf6 3. e3 Bb4 4. Nge2 O-O 5. a3 Be7 6. d4 exd4 7. Nxd4 d5 8. Nf3 Be6 9. cxd5 Nxd5 10. Nxd5 Qxd5 11.
Qxd5 Bxd5 12. Bd3 Bf6 13. Ke2 Nd7 14. e4 Rfe8 15. Nd2 Nc5 16. f3 Rad8 17. Bc2 Bc6 18. a4 Rd4 19. b3 Rdxe4+ 20. Nxe4 Bxa1 21. Be3 Nxe4 22. Rxa1 Nc3+ 23. Kf2 Nd5 24. Bxa7 Nf4 25. Re1 Rxe1 26. Kxe1 Nxg2+ 27. Kf2 Nf4 28. b4 Nd5 29. b5 Bd7 30. Be4 Nc3 31. Bxb7 Nxa4 32. Bc6 Bxc6 33. bxc6 Nc3 34. Ke3 f6 35. Bb8 Nb5 36.
Kd3 Kf7 37. Kc4 Nd6+ 38. Kd5 Ne8 39. f4 Ke7 40. h4 g6 41. Ba7 Ng7 42. Bc5+ Kf7 43.
Bb4 Ne6 44. f5 gxf5 45. Ba5 f4 46. Ke4 Kg6 47. h5+ Kxh5 48. Kd5 f3 49. Be1 Nd8 50. Bg3 Kg4 51. Bxc7 Nxc6 0-1

[Event "Early-Titled-Tuesday-Blitz-September-05-2023"]
[Site "Chess.com"]
[Date "2023.09.05"]
[Round "2"]
[White "MAGMAchess02"]
[Black "WildTricks"]
[Result "0-1"]
[WhiteElo "2406"]
[BlackElo "2634"]
[TimeControl "180+1"]
[EndTime "8:18:03 PDT"]
[Termination "WildTricks won by resignation"]

1. Nf3 b6 2. c4 Bb7 3. g3 Nf6 4. Bg2 c5 5. O-O g6 6. b3 Bg7 7. Bb2 O-O 8. Nc3 d5 9. cxd5 Nxd5 10. Qc2 Nc6 11. Nxd5 Qxd5 12. Bxg7 Kxg7 13. d3 Rac8 14.
Qb2+ Kg8 15. Nd2 Qd7 16. Nc4 f6 17. a3 Rfd8 18. b4 Nd4 19. Rfc1 Bxg2 20. Kxg2 cxb4 21. axb4 Rc7 22. Ne3 Rdc8 23. Rxc7 Rxc7 24. Qa2+ Kg7 25. Qd5 Nxe2 26. Re1 Nc3 27. Qxd7 Rxd7 28. Nc4 Kf7 29. Nb2 Nd5 30. Re4 e5 31. Rc4 Rc7 32. b5 Ke6 33. Kf3 Kd6 34. Nd1 f5 35. Ke2 Rc5 36. Ra4 Rc2+ 37. Ke1 Rc7 38. Ne3 h6 39. Kd2 Ke6 40. Nc4 Nf6 41. Ra1 Ng4 42. Re1 e4 43. f3 Nxh2 44. fxe4 Nf3+ 45. Ke2 Nxe1 46. Kxe1 fxe4 47.
Kd2 exd3 48. Kxd3 Rc5 49. Ke4 Rxc4+ 50. Kd3 Rb4 0-1

[Event "Early-Titled-Tuesday-Blitz-September-05-2023"]
[Site "Chess.com"]
[Date "2023.09.05"]
[Round "2"]
[White "blitzo_vich"]
[Black "MITerryble"]
[Result "0-1"]
[WhiteElo "2609"]
[BlackElo "2924"]
[TimeControl "180+1"]
[EndTime "8:18:06 PDT"]
[Termination "MITerryble won by checkmate"]

1. d4 d5 2. c4 dxc4 3. e3 Nf6 4. Bxc4 e6 5. Nf3 a6 6. O-O c5 7. dxc5 Bxc5 8. a3 O-O 9. b4 Bd6 10. Bb2 Qe7 11. Nbd2 Nbd7 12. Ng5 Be5 13. Bxe5 Nxe5 14. Be2 Rd8 15. Qc2 Bd7 16. Rfd1 Bc6 17. Qb2 Nfd7 18. f4 Ng6 19. Ngf3 Nb6 20. Nd4 Qf6 21. N2f3 Rd7 22. Rab1 Rad8 23. Rbc1 h6 24. Qa1 Bd5 25. Qc3 Be4 26. Qe1 Bxf3 27. Nxf3 Qb2 28. Rxd7 Rxd7 29.
Nd4 Qxa3 30. Bh5 Ne7 31. Ra1 Qb2 32. Rb1 Qa2 33. Ra1 Qd5 34. Bf3 Qd6 35. b5 axb5 36.
Nxb5 Qc5 37. Nd4 Ned5 38. Rc1 Qa3 39. Bxd5 Nxd5 40. Rc8+ Kh7 41. Kf2 Nxf4 42. exf4 Rxd4 43. g3 Qa2+ 44. Kf3 Qd5+ 45. Kf2 Rd2+ 46. Ke3 Qd3# 0-1

[Event "Early-Titled-Tuesday-Blitz-September-05-2023"]
[Site "Chess.com"]
[Date "2023.09.05"]
[Round "2"]
[White "esrosenberg"]
[Black "GianmarcoVaR"]
[Result "0-1"]
[WhiteElo "2399"]
[BlackElo "2648"]
[TimeControl "180+1"]
[EndTime "8:18:06 PDT"]
[Termination "GianmarcoVaR won by checkmate"]

1. d4 Nf6 2. Nf3 e6 3. g3 b5 4.
Bg2 Bb7 5. O-O c5 6. Na3 a6 7. c4 cxd4 8. cxb5 Bxa3 9. bxa3 axb5 10. Nxd4 Bxg2 11. Kxg2 O-O 12. Rb1 d5 13. Rxb5 Ne4 14.
Qc2 Nd6 15. Rb3 Nd7 16. h4 h6 17. Rd1 Nf6 18. Rf3 Nfe4 19. Nb3 Nc4 20. Nd4 Qe7 21. Nc6 Qc5 22. Nb4 Rfc8 23. Qb1 Ne5 24. Rf4 Nc3 25. Qc2 Nxd1 26. Qxd1 Qxc1 27. Qd4 Qc3 28.
Qb6 Qc7 29. Qb5 Rcb8 30. Na6 Rxb5 31. Nxc7 Rba5 32. Nxa8 Rxa8 33. a4 Nc4 34. e4 Rxa4 35.
exd5 exd5 36. Kf3 Rxa2 37. Rd4 Rd2 38. Rxd2 Nxd2+ 39. Ke2 Ne4 40. Ke3 Kf8 41. g4 Ke7 42. f3 Nc5 43. Kd4 Kd6 44. f4 Ne6+ 45. Ke3 g5 46.
hxg5 hxg5 47. fxg5 Nxg5 48. Kf4 f6 49. Kf5 Ne4 50.
Kf4 Ke6 51. Kf3 Ke5 52. Ke3 Nc5 53. Kf3 d4 54. Ke2 Ke4 55. Kd2 d3 56. Kc3 Ke3 57.
Kc4 d2 58. Kxc5 d1=Q 59. Kc4 Qd4+ 60. Kb5 Qc3 61. Ka4 Qb2 62. Ka5 Kd4 63. g5 Kc5 64. gxf6 Qb5# 0-1

[Event "Early-Titled-Tuesday-Blitz-September-05-2023"]
[Site "Chess.com"]
[Date "2023.09.05"]
[Round "2"]
[White "Rsnr"]
[Black "ArtemDyachuk"]
[Result "1-0"]
[WhiteElo "2907"]
[BlackElo "2565"]
[TimeControl "180+1"]
[EndTime "8:18:06 PDT"]
[Termination "Rsnr won by checkmate"]

1. b3 d5 2. Bb2 Bg4 3. Nf3 Nd7 4.
e3 e5 5. h3 Bxf3 6. Qxf3 Ngf6 7.
c4 c6 8. Nc3 e4 9. Qd1 Bd6 10.
d3 Qa5 11. a3 exd3 12. Bxd3 dxc4 13. Bxc4 Bc7 14. b4 Qg5 15. O-O O-O-O 16. Qc2 Ne5 17. Be2 h5 18. f4 Qg3 19. fxe5 Bxe5 20. Rf3 Qh2+ 21. Kf2 h4 22. Rg1 Rd2 23. Qxd2 Bxc3 24. Qc2 Bxb2 25. Qf5+ Kc7 26. Qf4+ Qxf4 27. Rxf4 Be5 28.
Rf5 Bd6 29. Bf3 Re8 30. Rd1 Bg3+ 31. Ke2 Nd5 32. Bxd5 cxd5 33. Rxf7+ Kc6 34. Rc1+ Kb5 35. Rxb7+ Ka4 36. Rxa7+ Kb3 37. Rd1 Re5 38. Rd3+ Kc2 39. Rxg7 Bf4 40. Rg4 Bh6 41. Rxh4 Bg5 42. Rg4 d4 43.
Rgxd4 Bh6 44. Rd6 Kb2 45. Rxh6 Rf5 46. a4 Ka2 47. b5 Kb2 48. b6 Ka2 49. b7 Kb2 50. Rb6+ Ka2 51. b8=Q Re5 52. Rb2+ Ka1 53. Ra3# 1-0

[Event "Early-Titled-Tuesday-Blitz-September-05-2023"]
[Site "Chess.com"]
[Date "2023.09.05"]
[Round "2"]
[White "Gauravthegm"]
[Black "Rurep26"]
[Result "0-1"]
[WhiteElo "2432"]
[BlackElo "2810"]
[TimeControl "180+1"]
[EndTime "8:18:09 PDT"]
[Termination "Rurep26 won by resignation"]

1. d4 e6 2. c4 Nf6 3. Nf3 b6 4. g3 Ba6 5. Qc2 Bb7 6. Bg2 Bb4+ 7. Bd2 Be4 8. Qc1 a5 9. O-O O-O 10. a3 Bxd2 11. Nbxd2 Bb7 12. b4 d6 13. Qc2 Qe7 14. c5 bxc5 15. bxc5 dxc5 16. dxc5 Bc6 17. Ne5 Bxg2 18.
Kxg2 Nbd7 19. Nd3 e5 20. e4 Nb8 21. c6 Ra6 22. Qc4 Rxc6 23. Qb5 Rb6 24. Qxe5 Qd8 25. Nc4 Qxd3 26. Nxb6 cxb6 27. Rfd1 Qxe4+ 28. Qxe4 Nxe4 29. f3 Nc5 30. Rab1 Nbd7 31. Re1 a4 32. Rb5 Nb3 33. Re7 Nf6 34. Ra7 Nc5 35. Rxb6 Rd8 36. Rc6 Ne6 37.
Rxa4 Rd2+ 38. Kg1 h5 39. Rac4 Nd4 40. Rc8+ Kh7 41. Kf1 Nxf3 42. Rc2 Nxh2+ 43. Kg1 Nf3+ 44. Kf1 Rd5 45. R8c5 Rd7 46. Kf2 Nd4 47. R2c4 Ne4+ 48. Ke3 Nxc5 49. Rxc5 g6 50. a4 Nf5+ 51. Kf4 Rd4+ 52.
Ke5 Rxa4 53. Kf6 Nxg3 54. Kxf7 Rf4+ 55. Ke6 h4 56. Ke5 Rf5+ 57. Kd4 Rxc5 58. Kxc5 h3 0-1

[Event "Early-Titled-Tuesday-Blitz-September-05-2023"]
[Site "Chess.com"]
[Date "2023.09.05"]
[Round "2"]
[White "HansOnTwitch"]
[Black "hurricane7791"]
[Result "1/2-1/2"]
[WhiteElo "3055"]
[BlackElo "2682"]
[TimeControl "180+1"]
[EndTime "8:18:10 PDT"]
[Termination "Game drawn by repetition"]

1. c4 c5 2. Nf3 Nc6 3. Nc3 Nf6 4. g3 e6 5. Bg2 d5 6. cxd5 exd5 7. d4 cxd4 8. Nxd4 Bc5 9. Be3 Bb6 10. Na4 Ba5+ 11. Nc3 Bb6 12. O-O O-O 13. Na4 Ng4 14. Nxc6 bxc6 15.
Bd4 Re8 16. e3 Ba6 17. Re1 Ne5 18. Bxe5 Rxe5 19. Rc1 Rc8 20. Nc5 Bc4 21. Nd3 Bxd3 22. Qxd3 c5 23. b3 c4 24. Qd2 cxb3 25. axb3 d4 26. Rxc8 Qxc8 27. Rc1 Rc5 28. Rxc5 Qxc5 29. e4 g6 30. Bf1 Qc3 31. Qd1 Ba5 32. Kg2 Kg7 33. Bc4 Bb6 34. Qg4 d3 35. Qf3 Qf6 36.
Qxf6+ Kxf6 37. Bxd3 Ke7 38. f4 f6 39. Kf3 h6 40. h4 Bg1 41. Kg4 Kf7 42. h5 g5 43.
Kf5 gxf4 44. gxf4 Bh2 45. Bc4+ Kg7 46. e5 fxe5 47. fxe5 Kf8 48. Kf6 Bg3 49. b4 Be1 50. b5 Bh4+ 51. Kg6 Bg5 52. Kf5 Ke7 53. Ke4 Bd2 54.
Kd5 Ba5 55. e6 Bb6 56. Ke5 Be3 57. Kf5 Bb6 58. Bd5 Be3 59. Bc6 Bb6 60. Kg6 Be3 61.
Kg7 Bg5 62. Bd7 Be3 63. Kg6 Bg5 64. Kf5 Be3 65. Ke5 Bb6 66. Kd5 Be3 67. Kc6 Bb6 68. Kd5 Be3 69. Ke5 Bb6 70. Ke4 Bf2 71. Kf4 Bb6 72.
Kf5 Be3 73. Kg6 Bg5 74. Kf5 Be3 1/2-1/2

[Event "Early-Titled-Tuesday-Blitz-September-05-2023"]
[Site "Chess.com"]
[Date "2023.09.05"]
[Round "2"]
[White "aranibos"]
[Black "Lady_Nika"]
[Result "0-1"]
[WhiteElo "2263"]
[BlackElo "2486"]
[TimeControl "180+1"]
[EndTime "8:18:11 PDT"]
[Termination "Lady_Nika won by resignation"]

1. d4 d5 2. Nf3 e6 3. Bf4 Nf6 4. e3 Bd6 5. Bg3 O-O 6. Bd3 c5 7. c3 Nc6 8. Nbd2 b6 9. Ne5 Ne7 10. f4 Bb7 11. Qf3 Nf5 12. Bf2 Nd7 13. g4 Nh4 14.
Bxh4 Qxh4+ 15. Qg3 Qe7 16. Nxd7 Qxd7 17. Qh4 f5 18.
Nf3 cxd4 19. cxd4 Bb4+ 20. Kf2 Be7 21. Qg3 Rac8 22. Ne5 Qa4 23. b3 Qa3 24. gxf5 Qb2+ 25. Kf3 exf5 26. Rag1 Bf6 27. Rg2 Qc3 28. Bxf5 Bxe5 29.
Bxc8 Rxc8 30. fxe5 Rf8+ 31. Kg4 Bc8+ 32. Kh4 Qc7 33.
Rhg1 g6 34. Qg5 Rf5 35. Qh6 Qe7+ 36. Rg5 Rf3 37. Rg3 Rf2 38. h3 Rf5 39. Qh5 Kh8 40. Qh6 Be6 41. a4 Bd7 42. b4 Bc8 43. b5 Bd7 44.
Rg4 Rf3 45. Rg3 Rf1 46. e6 Bxe6 47. a5 Bd7 48. axb6 axb6 49. Qh5 gxh5 50. Kxh5 Be8+ 51. Kh4 Bg6 52. Rg4 Re1 53. Rg3 h6 0-1

[Event "Early-Titled-Tuesday-Blitz-September-05-2023"]
[Site "Chess.com"]
[Date "2023.09.05"]
[Round "2"]
[White "BlitzWizard04"]
[Black "Chopper1905"]
[Result "0-1"]
[WhiteElo "2591"]
[BlackElo "2871"]
[TimeControl "180+1"]
[EndTime "8:18:12 PDT"]
[Termination "Chopper1905 won by resignation"]

1. e4 e5 2. Nf3 Nc6 3. Bc4 Bc5 4. d4 Bxd4 5. Nxd4 Nxd4 6. Be3 Ne6 7. Bxe6 dxe6 8.
Qh5 Qd6 9. Nd2 h6 10. O-O-O Nf6 11. Qf3 Bd7 12. Kb1 Bc6 13. Nc4 Qb4 14. Nxe5 Qxe4 15. Nxc6 Qxf3 16. gxf3 bxc6 17. Rd3 Nd5 18. Rhd1 Ke7 19.
c4 Nxe3 20. Rd7+ Kf6 21. fxe3 Rac8 22. R1d3 a5 23. Kc2 g5 24. c5 h5 25. h3 Rhg8 26. R3d4 e5 27. Ra4 Ke6 28. Rd3 Ra8 29. f4 g4 30.
hxg4 hxg4 31. fxe5 g3 32. Rd1 g2 33. Rg1 Rg3 34. Kd2 Rb8 35. b3 Rb4 36. Rxa5 Re4 37. Ra6 Kd5 38. Ra7 Rexe3 39. Rxc7 Ref3 40. Ke2 Ke4 41. Rxc6 Rf5 42. e6 Re3+ 43. Kd2 Rf2+ 44. Kd1 Rf1+ 45.
Kd2 Rxg1 46. e7 Rd1+ 47. Kc2 Rc1+ 48. Kb2 Kd5 49. Rd6+ Kxc5 50. Kxc1 Kxd6 0-1

[Event "Early-Titled-Tuesday-Blitz-September-05-2023"]
[Site "Chess.com"]
[Date "2023.09.05"]
[Round "2"]
[White "Rutricks"]
[Black "vladoboch"]
[Result "0-1"]
[WhiteElo "2636"]
[BlackElo "2429"]
[TimeControl "180+1"]
[EndTime "8:18:12 PDT"]
[Termination "vladoboch won by checkmate"]

1. g4 d5 2. Bg2 c6 3. c4 e6 4. b3 h5 5. gxh5 Rxh5 6. Bb2 Nf6 7. Nf3 Bd6 8. d3 e5 9. Nbd2 Be6 10.
Qc2 Nbd7 11. O-O-O Qc7 12. Kb1 O-O-O 13. h4 Ng4 14.
Rdf1 f6 15. e3 Kb8 16. a3 Nh6 17. Ka2 Nf5 18. Bh3 Nf8 19. cxd5 cxd5 20. Qd1 Rh8 21.
e4 Ne7 22. Bxe6 Nxe6 23. exd5 Nxd5 24. Nc4 Bc5 25. Qd2 Ka8 26. Rc1 Ndf4 27. b4 Rxd3 28. Qe1 Rxf3 29. bxc5 Nd3 30. Qe4 Nxc1+ 31. Rxc1 Rf4 32.
Qd5 Qc6 33. Qd1 Rhxh4 34. Na5 Qc7 35. c6 b6 36. Nb7 Rc4 37. Qd5 Rxc1 38. Bxc1 Nc5 39.
Nxc5 bxc5 40. Be3 Rh8 41. Qxc5 Rc8 42. a4 Qf7+ 43. Ka3 Rc7 44. Kb2 f5 45. f3 e4 46.
f4 Qf6+ 47. Ka2 Qxc6 48. Qf8+ Rc8 49. Qxg7 Qc2+ 50. Ka3 Rc3+ 51. Kb4 Qb3+ 52. Ka5 Rxe3 53. Qf8+ Qb8 54. Qxf5 Qb6# 0-1

[Event "Early-Titled-Tuesday-Blitz-September-05-2023"]
[Site "Chess.com"]
[Date "2023.09.05"]
[Round "2"]
[White "FairChess_on_YouTube"]
[Black "twofoxniel"]
[Result "1-0"]
[WhiteElo "3057"]
[BlackElo "2663"]
[TimeControl "180+1"]
[EndTime "8:18:14 PDT"]
[Termination "FairChess_on_YouTube won on time"]

1. d4 d5 2. Nf3 c6 3. Bf4 Qb6 4. Qc1 Nf6 5. e3 Bf5 6. c4 e6 7. Nc3 Nbd7 8. c5 Qd8 9. b4 Be7 10. Be2 Nh5 11. Be5 Nhf6 12. b5 O-O 13. O-O Nxe5 14.
Nxe5 Qc7 15. Qa3 Nd7 16. Nxd7 Qxd7 17. Rfc1 Bf6 18. f4 g5 19. Rf1 gxf4 20. Rxf4 e5 21.
Rf3 exd4 22. Raf1 dxc3 23. Rxf5 Bg7 24. Rg5 Kh8 25. Rxg7 Kxg7 26. Qxc3+ f6 27. Qd4 Rae8 28.
Bd3 Qe7 29. Rf3 Kh8 30. Rh3 Qg7 31. Rxh7+ Qxh7 32. Bxh7 Kxh7 33. Qh4+ Kg7 34. Qg4+ Kh8 35. Qh3+ Kg7 36. bxc6 bxc6 37. Qd7+ Kg6 38. Qxc6 Rxe3 39.
Qxd5 Re5 40. Qd3+ Kf7 41. Qd7+ Kg6 42. c6 Rfe8 43. c7 Re1+ 44. Kf2 R1e2+ 45. Kg3 R2e3+ 46.
Kh4 f5 47. Qc6+ Kf7 48. Qc4+ 1-0